 Dungeon Sprint DCSS version 0.19-a0-473-g3ac10ee (webtiles) character file.

188 Moox the Skirmisher (level 5, -3/52 HPs)
             Began as a Hill Orc Fighter on June 4, 2016.
             Was an Initiate of Hepliaklqana.
             Slain by a hill giant
             ... wielding a +0 giant club
              (17 damage)
             ... in the Dungeon (Sprint IX: "|||||||||||||||||||||||||||||").
             The game lasted 00:01:27 (172 turns).

Moox the Skirmisher (Hill Orc Fighter)               Turns: 172, Time: 00:01:28

Health: -3/52      AC: 14    Str: 23    XL:     5   Next: 67%
Magic:  5/7        EV:  5    Int: 11    God:    Hepliaklqana [......]
Gold:   0          SH: 10    Dex: 10    Spells: 0 memorised, 4 levels left

rFire  . . .     SeeInvis .     a - +0 flail
rCold  . . .     Gourm    .     p - +0 plate armour
rNeg   . . .     Faith    .     c - +0 shield
rPois  .         Spirit   .     (no helmet)
rElec  .         Dismiss  .     (no cloak)
rCorr  .         Reflect  .     (no gloves)
SustAt .         Harm     .     o - +0 pair of boots
MR     .....     NoTele   +     (no amulet)
Stlth  ..........               q - +3 ring of intelligence
                                r - +3 ring of strength

@: not resistant to hostile enchantments, extremely unstealthy
A: no striking features
a: Recall Ancestor, Ancestor Identity, Renounce Religion


You were in the Dungeon.
You worshipped Hepliaklqana.
Hepliaklqana was noncommittal.
You were not hungry.

You visited 1 branch

Inventory:

Hand Weapons
 a - a +0 flail (weapon)
Armour
 c - a +0 shield (worn)
 o - a +0 pair of boots (worn)
 p - a +0 plate armour (worn)
Jewellery
 q - a +3 ring of intelligence (right hand)
 r - a +3 ring of strength (left hand)
Wands
 n - a wand of iceblast (3/15)
Scrolls
 k - 2 scrolls of blinking
 l - 3 scrolls of remove curse
 m - 2 scrolls of amnesia
Potions
 d - a potion of might
 e - 5 potions of curing
 g - 3 potions of heal wounds
 h - a potion of haste
 i - 4 potions of magic
 j - a potion of invisibility
Comestibles
 f - a bread ration


   Skills:
 + Level 7.5 Fighting
 * Level 5.9 Maces & Flails
 + Level 6.8 Armour
 + Level 0.7 Dodging
 + Level 6.7 Shields
 * Level 3.3 Invocations


You had 4 spell levels left.
You didn't know any spells.

Dungeon Overview and Level Annotations

Branches:
Dungeon (1/1)

Altars:
Cheibriados
Dithmenos
Elyvilon
Fedhas
Gozag
Hepliaklqana
Kikubaaqudgha
Makhleb
Nemelex Xobeh
Okawaru
Pakellas
Qazlal
Ru
Sif Muna
Trog
Uskayaw
Vehumet
Xom
Yredelemnul
Zin
The Shining One
Beogh
Jiyva
Lugonu


Message History

Evoke which item? (* to show all) (? for menu, Esc to quit)
Zapping:
n - a wand of iceblast (4/15)
Press: ? - help, Shift-Dir - straight line The mass of ice explodes!
The iceblast engulfs the hill giant.
The hill giant is heavily wounded.
This wand has 3 charges left.
Unknown command.
Unknown command.
Unknown command.
You sock the hill giant!
The hill giant is severely wounded.
The wyvern hisses menacingly.
The hill giant hits you but does no damage.
You hit the hill giant but do no damage.
The hill giant is severely wounded.
You block the hill giant's attack.
You sock the hill giant!
The hill giant is almost dead.
The hill giant hits you with a giant club!
You die... ▓▓▓▓▓▓▓▓▓▓▓▓▓▓▓▓▓▓▓▓▓▓▓▓▓▓▓▓ ___________'..|[@CllOo...o.. ▓▓▓▓▓▓▓▓▓▓▓▓▓▓▓▓▓▓▓▓▓▓▓▓▓▓▓▓

You could see a hill giant, a two-headed ogre, an orc warrior, a wyvern and an iguana.

Vanquished Creatures
  An ogre (D)
  A crimson imp (D)
  An iguana (D)
  A worker ant (D)
  2 adders (D)
  A bat (D)
  A giant cockroach (D)
  A goblin (D)
  A giant newt (D)
  A kobold (D)
11 creatures vanquished.

Vanquished Creatures (others)
  A spatial maelstrom (D)
  An ancestor (D)
2 creatures vanquished.

Grand Total: 13 creatures vanquished

Notes
Turn   | Place    | Note
--------------------------------------------------------------
     0 | D        | Moox the Hill Orc Fighter began the quest for the Orb.
     0 | D        | Reached XP level 1. HP: 19/19 MP: 1/1
     0 | D        | Banished a spatial maelstrom
     8 | D        | Reached skill level 4 in Fighting
    20 | D        | Noticed a worker ant
    20 | D        | Noticed an iguana
    20 | D        | Noticed a crimson imp
    22 | D        | Reached XP level 2. HP: 28/28 MP: 2/2
    26 | D        | Killed a crimson imp
    26 | D        | Reached skill level 5 in Fighting
    26 | D        | Reached skill level 5 in Armour
    26 | D        | Reached skill level 5 in Shields
    26 | D        | Reached XP level 3. HP: 36/36 MP: 3/3
    28 | D        | Reached skill level 6 in Fighting
    28 | D        | Reached XP level 4. HP: 44/44 MP: 4/4
    77 | D        | Found a glowing silver altar of Zin.
    77 | D        | Found a glowing golden altar of the Shining One.
    77 | D        | Found an ancient bone altar of Kikubaaqudgha.
    77 | D        | Found a basalt altar of Yredelemnul.
    77 | D        | Found a shimmering altar of Xom.
    77 | D        | Found a radiant altar of Vehumet.
    78 | D        | Found an iron altar of Okawaru.
    79 | D        | Found a burning altar of Makhleb.
    80 | D        | Found a deep blue altar of Sif Muna.
    81 | D        | Found a bloodstained altar of Trog.
    82 | D        | Found a sparkling altar of Nemelex Xobeh.
    83 | D        | Found a white marble altar of Elyvilon.
    84 | D        | Found a roughly hewn altar of Beogh.
    85 | D        | Found a viscous altar of Jiyva.
    86 | D        | Found a corrupted altar of Lugonu.
    87 | D        | Found a blossoming altar of Fedhas.
    88 | D        | Found a snail-covered altar of Cheibriados.
    89 | D        | Found a shadowy altar of Dithmenos.
    90 | D        | Found a stormy altar of Qazlal.
    91 | D        | Found an opulent altar of Gozag.
    92 | D        | Found a sacrificial altar of Ru.
    93 | D        | Found an oddly glowing altar of Pakellas.
    94 | D        | Found a hide-covered altar of Uskayaw.
    95 | D        | Found a hazy altar of Hepliaklqana.
   105 | D        | Became a worshipper of Hepliaklqana
   152 | D        | Noticed an ogre
   152 | D        | Noticed a wyvern
   152 | D        | Noticed a hill giant
   152 | D        | Noticed a two-headed ogre
   152 | D        | Noticed an orc warrior
   158 | D        | Killed an ogre
   158 | D        | Reached skill level 7 in Fighting
   158 | D        | Reached skill level 5 in Maces & Flails
   158 | D        | Reached XP level 5. HP: 23/52 MP: 4/7
   172 | D        | Slain by a hill giant

Vault maps used:
D:        linesprint

Skill      XL: |  1  2  3  4 |
---------------+-------------+-----
Fighting       | 4 5 6 7 |  7.5
Maces & Flails | 3 4 5 |  5.9
Armour         | 4 5 6 |  6.8
Shields        | 4 5 6 |  6.7
Invocations    | 3 |  3.3
Dodging        | |  0.7

Action                   |  1- 3 |  4- 6 || total
-------------------------+-------+-------++-------
Melee: Flail             |    17 |    16 ||    33
Evoke: Wand              |       |     4 ||     4
  Use: Potion            |     1 |       ||     1
Armor: Scale mail        |     3 |       ||     3
       Plate armour      |       |     1 ||     1
Dodge: Dodged            |     3 |     1 ||     4
Block: Shield            |     4 |     8 ||    12
